 Dungeon Crawl Stone Soup version 0.26-a0-833-g7262b39652 (webtiles) character file.

Game seed: 10659731763552336832

2661 Baz the Covert (level 9, -4/89 HPs)
             Began as a Naga Enchanter on Nov 16, 2020.
             Was a Believer of Uskayaw.
             Slain by a two-headed ogre
             ... wielding a +0 giant club
              (14 damage)
             ... on level 9 of the Dungeon.
             The game lasted 00:21:03 (11420 turns).

Baz the Covert (Naga Enchanter)                    Turns: 11420, Time: 00:21:04

Health: -4/89      AC:  9    Str: 20    XL:     9   Next: 63%
Magic:  1/13       EV: 10    Int: 16    God:    Uskayaw [**....]
Gold:   555        SH:  0    Dex: 17    Spells: 2/14 levels left

rFire    + . .     SeeInvis +   b - +1 rapier (elec)
rCold    . . .     Faith    .   (no shield)
rNeg     . . .     Spirit   .   c - +0 robe (curse)
rPois    +         Reflect  .   i - +0 helmet
rElec    .         Harm     .   x - +0 cloak
rCorr    .         Rampage  .   u - +2 pair of gloves
MR       +....                  (no barding)
Stlth    +++++.....             (no amulet)
HPRegen  0.24/turn              h - +6 ring of dexterity
MPRegen  0.13/turn              k - +6 ring of strength

@: very slow
A: large, see invisible, deformed body, fire resistance 1, poison resistance,
robust 1, slowness 2, spit poison 1, AC +3
a: Spit Poison, Stomp, Line Pass, Renounce Religion


You were on level 9 of the Dungeon.
You worshipped Uskayaw.
Uskayaw was noncommittal.
You visited 2 branches of the dungeon, and saw 10 of its levels.

You collected 555 gold pieces.

Inventory:

Hand Weapons
 a - a +1 dagger
 b - a +1 rapier of electrocution (weapon)
Missiles
 f - 20 poisoned darts (quivered)
Armour
 c - a cursed +0 robe (worn)
 i - a +0 helmet (worn)
 u - a +2 pair of gloves (worn)
 x - a +0 cloak (worn)
 L - a +0 robe
Jewellery
 h - a +6 ring of dexterity (left hand)
 k - a +6 ring of strength (right hand)
 m - an uncursed ring of poison resistance {unknown}
 y - an uncursed ring of flight {unknown}
 A - an uncursed ring of poison resistance {unknown}
 F - an uncursed ring of resist corrosion {unknown}
 I - an uncursed ring of ice {unknown}
 M - an uncursed ring of positive energy {unknown}
Wands
 r - a wand of polymorph (13)
 s - a wand of paralysis (6)
 K - a wand of acid (5)
Scrolls
 g - a scroll of immolation {unknown}
 j - 5 scrolls of remove curse
 n - a scroll of enchant armour {unknown}
 o - 2 scrolls of teleportation {unknown}
 p - 3 scrolls of enchant weapon {unknown}
 q - a scroll of fear
 t - a scroll of blinking {unknown}
 v - 2 scrolls of amnesia {unknown}
 B - 4 scrolls of magic mapping {unknown}
 C - 6 scrolls of identify
 D - a scroll of silence {unknown}
Potions
 d - 2 potions of degeneration
 e - 5 potions of might
 l - a potion of haste {unknown}
 w - 4 potions of curing
 z - a potion of resistance {unknown}
 E - a potion of invisibility
 G - a potion of heal wounds {unknown}
 H - a potion of experience {unknown}
 J - a potion of attraction {unknown}


   Skills:
 - Level 5.0 Fighting
 + Level 4.0 Short Blades
 - Level 1.6 Dodging
 * Level 10.7 Stealth
 - Level 3.1 Spellcasting
 - Level 8.1 Hexes
 + Level 4.0 Invocations


You had 2 spell levels left.
You knew the following spells:

 Your Spells              Type           Power        Failure   Level
a - Corona                Hex            ####...      1%          1
b - Ensorcelled Hibernat  Hex/Ice        ###...       5%          2
c - Confusing Touch       Hex            ####....     1%          3
d - Tukima's Dance        Hex            ####....     1%          3
e - Dazzling Flash        Conj/Hex       ###...       11%         3

Your spell library contained the following spells:

 Spells                   Type           Power        Failure   Level
 Beastly Appendage        Tmut           #.....       19%         1
 Sandblast                Erth           #.....       19%         1
 Passwall                 Tmut/Erth      #.......     28%         2
 Wereblood                Tmut           #.......     28%         2
 Spider Form              Tmut/Pois      #.........   50%         3
 Stone Arrow              Conj/Erth      #.....       50%         3
 Ice Form                 Ice/Tmut       #.......     88%         4
 Petrify                  Tmut/Erth      #.......     88%         4
 Blade Hands              Tmut           #.........   99%         5
 Lee's Rapid Deconstruct  Erth           #.........   99%         5


Dungeon Overview and Level Annotations

Branches:
Dungeon (9/15)             Temple (1/1) D:7
   Lair: D:8-11         Orc: D:9-12

Altars:
Ashenzari
Cheibriados
Dithmenos
Elyvilon
Fedhas
Gozag
Kikubaaqudgha
Makhleb
Nemelex Xobeh
Okawaru
Qazlal
Ru
Sif Muna
Trog
Uskayaw
Vehumet
Yredelemnul
Zin

Shops:
D:4 (   D:6 =

Annotations:
D:4 2 runed translucent doors, stillor's ghost, amateur NaTm
D:9 exclusion: two-headed ogre


Innate Abilities, Weirdness & Mutations

You cannot wear boots.
Your serpentine skin is tough. (AC +3)
You have supernaturally acute eyesight. (SInv)
Armour fits poorly on your strangely shaped body.
Your system is resistant to poisons. (rPois)
You cover ground very slowly.
You can spit poison.
Your flesh is heat resistant. (rF+)
You are robust. (+10% HP)


Message History

You closely miss the two-headed ogre.
The two-headed ogre is lightly wounded.
The two-headed ogre barely misses you.
The two-headed ogre hits you with a +0 giant club!!
* * * LOW HITPOINT WARNING * * *
Your +0 giant spiked club hits the two-headed ogre!!
The scorpion barely misses your +0 giant spiked club.
You hit the two-headed ogre but do no damage.
The two-headed ogre is severely wounded.
The scorpion stings your +0 giant spiked club.
The two-headed ogre hits you with a +0 giant club.
* * * LOW HITPOINT WARNING * * *
The two-headed ogre hits you with a +0 giant club.
* * * LOW HITPOINT WARNING * * *
You puncture the two-headed ogre!
The two-headed ogre is severely wounded.
The scorpion barely misses your +0 giant spiked club.
Your +0 giant spiked club hits the two-headed ogre!
The two-headed ogre hits you with a +0 giant club!
You die...

#........ #........
#........ #........
###### #........
.#.....## ##........
........#####.........
........@O(sY.........
.........####.(###....c
.......>.###..........
.........##......<..O
............#........
..........#..........
.>........#.#.....#####
..................##!.#
#.####...#..#.........#
#


You could see a two-headed ogre, an ice beast, a scorpion and a friendly +0
giant spiked club.

Vanquished Creatures
  A meliai zombie (D:8)
  Sigmund (D:2)
  An orc warrior (D:9)
  2 sky beasts
  A black bear (D:9)
  An ice beast (D:7)
  An ogre (D:5)
  2 centaurs
  A big kobold (D:5)
  2 bullfrogs
  3 scorpions
  3 killer bees (D:3)
  2 howler monkeys (D:7)
  A centaur zombie (D:9)
  A quasit (D:7)
  2 hounds
  A jelly (D:9)
  6 orc wizards
  A centaur skeleton (D:8)
  2 orc priests
  Terence (D:3)
  An iguana (D:4)
  10 worker ants
  A hound skeleton (D:8)
  3 gnolls (D:7)
  A howler monkey skeleton (D:8)
  10 adders
  A shadow imp (D:8)
  3 white imps
  3 ufetubi
  3 oozes
  An adder zombie (D:6)
  2 dart slugs
  5 leopard geckos
  16 orcs
  4 ball pythons
  6 giant cockroaches
  4 goblins
  4 hobgoblins
  2 quokkas
  10 bats
  4 frilled lizards
  A giant cockroach zombie (D:6)
  13 kobolds
  10 rats
154 creatures vanquished.

Vanquished Creatures (collateral kills)
  An ogre (D:8)
  An orc (D:5)
2 creatures vanquished.

Vanquished Creatures (others)
  A dancing weapon (D:3)
  2 plants (D:7)
3 creatures vanquished.

Grand Total: 159 creatures vanquished

Notes
Turn   | Place    | Note
-------+----------+-------------------------------------------
     0 | D:1      | Baz the Naga Enchanter began the quest for the Orb.
     0 | D:1      | Reached XP level 1. HP: 15/15 MP: 3/3
   795 | D:1      | Reached XP level 2. HP: 18/22 MP: 5/5
  1110 | D:1      | Reached XP level 3. HP: 23/30 MP: 6/6
  1602 | D:2      | Reached skill level 1 in Fighting
  1615 | D:2      | Learned a level 2 spell: Ensorcelled Hibernation
  1619 | D:2      | Learned a level 3 spell: Confusing Touch
  1728 | D:2      | Found a shimmering blue altar of Sif Muna.
  1745 | D:2      | Noticed Sigmund
  1750 | D:2      | Reached skill level 5 in Stealth
  1758 | D:2      | Killed Sigmund
  1759 | D:2      | Reached XP level 4. HP: 12/39 MP: 2/7
  1759 | D:2      | Reached XP level 5. HP: 14/45 MP: 2/8
  2956 | D:3      | Reached XP level 6. HP: 52/52 MP: 9/9
  3096 | D:3      | Noticed Terence
  3106 | D:3      | Killed Terence
  3121 | D:3      | Reached skill level 6 in Stealth
  3121 | D:3      | Gained mutation: Your flesh is heat resistant. (rF+)
                  | [potion of mutation]
  3121 | D:3      | Gained mutation: You are robust. (+10% HP) [potion of
                  | mutation]
  3126 | D:3      | Reached skill level 5 in Hexes
  3463 | D:3      | You fall into a shaft and drop 2 floors!
  3463 | D:5      | Entered Level 5 of the Dungeon
  3554 | D:5      | Reached XP level 7. HP: 67/67 MP: 10/10
  3563 | D:5      | Learned a level 3 spell: Tukima's Dance
  3567 | D:4      | Found a large runed translucent door.
  3567 | D:4      | Found a large runed translucent door.
  3575 | D:4      | Noticed stillor's ghost (amateur NaTm)
  4150 | D:4      | Found Amnawan's Weapon Emporium.
  5432 | D:4      | Reached skill level 7 in Stealth
  6045 | D:5      | Reached XP level 8. HP: 72/75 MP: 9/12
  6776 | D:6      | Found an iron altar of Okawaru.
  6949 | D:6      | Found Atoc's Jewellery Shoppe.
  7269 | D:7      | Reached skill level 8 in Stealth
  7398 | D:7      | Learned a level 3 spell: Dazzling Flash
  7435 | D:7      | Found a staircase to the Ecumenical Temple.
  7779 | Temple   | Entered the Ecumenical Temple
  7923 | Temple   | Became a worshipper of Uskayaw the Reveller
  7977 | D:7      | Reached * piety under Uskayaw
  8292 | D:7      | Reached skill level 1 in Invocations
  8293 | D:7      | Reached ** piety under Uskayaw
  9960 | D:8      | Reached XP level 9. HP: 70/86 MP: 13/13
 10052 | D:8      | Reached skill level 9 in Stealth
 10393 | D:8      | Reached skill level 5 in Fighting
 10998 | D:9      | Reached *** piety under Uskayaw
 11003 | D:9      | Reached **** piety under Uskayaw
 11007 | D:9      | Reached ***** piety under Uskayaw
 11011 | D:9      | Reached skill level 10 in Stealth
 11315 | D:9      | Noticed a two-headed ogre
 11420 | D:9      | Slain by a two-headed ogre

Illustrated notes

Levels and vault maps discovered:
D:1:      nagdon_arrival_double_spiral, layout_loops_ring, minmay_hexomino_p4
D:2:      layout_basic, old_standard_altar, uniq_sigmund
D:3:      layout_loops_cross, minmay_vboxes, uniq_terence
D:4:      layout_basic, ebering_ghost_disaster_area, serial_shops, shop_statue
D:5:      layout_basic, kennysheep_cross_room, nrook_mini_vaults
D:6:      layout_gridville, serial_shops, nicolae_shop_stone, st_stairs_11,
          grunt_ministairs_2, okawaru_gym_becter
D:7:      layout_basic, minmay_temple_entry_overgrown,
          hangedman_abyss_or_decor_jellyfish_corner, kennysheep_generic_room_4
D:8:      layout_loops_cross
D:9:      layout_rooms, grunt_temple_overflow_cloverleaf,
          minmay_orc_entry_temple_small
Temple:   minmay_crystal_spiral_temple

Skill      XL: |  1  2  3  4  5  6  7  8  9 |
---------------+----------------------------+-----
Fighting       | 2 3 4 5 |  5.0
Stealth        | 5 6 7 8 10 | 10.7
Short Blades   | 2 3 4 |  4.0
Hexes          | 4 5 6 7 8 |  8.1
Spellcasting   | 3 |  3.1
Invocations    | 2 4 |  4.0
Dodging        | |  1.6

Action                   |  1- 3 |  4- 6 |  7- 9 || total
-------------------------+-------+-------+-------++-------
Melee: Dagger            |    83 |    94 |   467 ||   644
       Unarmed           |       |     7 |       ||     7
       Rapier            |       |       |    36 ||    36
Throw: Dart              |       |       |     5 ||     5
 Cast: Ensorcelled Hiber |     2 |       |    54 ||    56
       Tukima's Dance    |       |       |     6 ||     6
       Corona            |       |       |     4 ||     4
       Confusing Touch   |       |       |     3 ||     3
 Abil: Spit Poison       |     8 |     5 |     6 ||    19
  Use: Potion            |       |     4 |     2 ||     6
       Scroll            |       |       |     4 ||     4
 Stab: Sleeping          |     5 |     9 |    40 ||    54
       Confused          |       |       |     2 ||     2
       Paralysed         |       |       |     3 ||     3
       Distracted        |       |       |     1 ||     1
Armor: Robe              |    18 |    37 |   247 ||   302
       Skin              |       |     8 |       ||     8
Dodge: Dodged            |    42 |    79 |   306 ||   427

Table legend: (Time is in decaauts)
 A = Elapsed time spent in this place.
 B = Non-inter-level travel time spent in this place.
 C = Inter-level travel time spent in this place.
 D = Time resting spent in this place.
 E = Time spent auto-exploring this place.
 F = Levels seen in this place.
 G = Mean time per level.
                   A        B        C        D        E       F      G
               +--------+--------+--------+--------+--------+-----+--------+
         Total |  13227 |  12686 |    541 |   5073 |   4887 |  10 | 1322.7 |
       Dungeon |  12972 |  12531 |    441 |   5073 |   4887 |   9 | 1441.3 |
        Temple |    254 |    154 |    100 |      0 |      0 |   1 |  254.0 |
               +--------+--------+--------+--------+--------+-----+--------+

Top non-repeatable levels by time:
     D:7: 2580 daAuts
     D:1: 1768 daAuts
     D:4: 1640 daAuts
     D:3: 1606 daAuts
     D:5: 1463 daAuts
     D:8: 1462 daAuts
     D:2: 1323 daAuts
     D:6: 648 daAuts
     D:9: 478 daAuts
  Temple: 254 daAuts
